 Dungeon Crawl Stone Soup version 0.31-a0-981-geadf994542 (webtiles) character file.

Game seed: 14815543969791746016

492 BinkBink the Ducker (level 7, -8/56 HPs)
             Began as a Merfolk Monk on Nov 1, 2023.
             Was a Believer of Qazlal.
             Killed by an exploding quokka (28 damage)
             ... ignited by their inner flame
             ... on level 4 of the Dungeon.
             The game lasted 00:03:43 (3611 turns).

BinkBink the Ducker (Merfolk Monk)                  Turns: 3611, Time: 00:03:43

Health: -8/56      AC:  7    Str: 12    XL:     7   Next: 14%
Magic:  7/7        EV: 17    Int:  9    God:    Qazlal [**....]
Gold:   203        SH:  2    Dex: 18    Spells: 6/6 levels left

rFire   . . .        f - +2 rapier (venom)
rCold   . . .        d - orb {light}
rNeg    . . .        b - +0 robe
rPois   .            (no helmet)
rElec   .            (no cloak)
rCorr   .            (no gloves)
SInv    .            j - +0 pair of boots
Will    .....        (no amulet)
Stlth   +            o - +4 ring of protection
HPRegen 0.29/turn    (no ring)
MPRegen 0.10/turn

%: no passive effects
@: glowing
A: (nimble swimmer 2), mertail
a: Renounce Religion, Upheaval


You were on level 4 of the Dungeon.
You worshipped Qazlal.
Qazlal was pleased with you.
You visited 1 branch of the dungeon, and saw 6 of its levels.

You collected 203 gold pieces.

Inventory:

Hand Weapons
 a - a +0 falchion
 f - a +2 rapier of venom (weapon)
Armour
 b - a +0 robe (worn)
 d - an orb of light (worn)
 j - a +0 pair of boots (worn)
Jewellery
 o - a +4 ring of protection (left hand)
 x - a ring of see invisible
Wands
 q - a wand of flame (19)
 v - a wand of roots (13)
Scrolls
 i - a scroll of acquirement
 t - 3 scrolls of identify
 y - a scroll of enchant armour {unknown}
Potions
 c - a potion of ambrosia
 e - 2 potions of heal wounds {unknown}
 g - a potion of might {unknown}
 h - 3 potions of curing
 k - a potion of degeneration {unknown}
 m - a potion of attraction {unknown}
 n - a potion of brilliance {unknown}
 p - a potion of mutation {unknown}
 z - a potion of enlightenment {unknown}


   Skills:
 + Level 5.1 Fighting
 + Level 5.5 Long Blades
 * Level 7.9 Dodging


You had 6 spell levels left.
You didn't know any spells.
Your spell library contained the following spells:

 Spells                   Type           Power      Damage    Failure   Level
 Summon Small Mammal      Summ           0%         N/A       38%         1
 Wereblood                Tmut           0%         N/A       52%         2
 Call Canine Familiar     Summ           0%         N/A       77%         3
 Summon Guardian Golem    Hex/Summ       0%         N/A       77%         3
 Irradiate                Conj/Tmut      0%         3d11      100%        5


Dungeon Overview and Level Annotations

Branches:
Dungeon (6/15)             Temple (0/1) D:4

Altars:
Fedhas
Gozag
Makhleb
Qazlal
Uskayaw
Wu Jian
Xom
Yredelemnul


Innate Abilities, Weirdness & Mutations

((You are very nimble when in or above water. (Stealth+, EV+, Speed+++)))
Your lower body shifts to a powerful aquatic tail in water.


Message History

Natasha shimmers violently.
Natasha barely misses you.
You puncture Natasha!
Natasha is heavily wounded.
Natasha completely misses you.
You hit Natasha.
Natasha is poisoned.
Natasha is almost dead.
Natasha casts a spell at you. The magic dart hits you.
You hit Natasha.
Natasha is almost dead.
You kill Natasha!
Qazlal accepts your kill.
Natasha yowls pathetically as she dies!
No target in view!
No target in view!
Done exploring.
As you read the scroll labelled RUKLAV HEESOEMP, it crumbles to dust.
It is a scroll of identify.
h - 3 potions of curing
As you read the scroll labelled AJA OXKUXEJE, it crumbles to dust.
Wisps of shadow whirl around you...
It was a scroll of summoning.
As you read the scroll labelled POUTTEFE SAIN, it crumbles to dust.
The creatures around you are filled with an inner flame!
It was a scroll of immolation.
You start waiting.
Your sleepcap is engulfed in blazing flames.
Flame seeps out of your sleepcap.
You start waiting.
Your sleepcap is engulfed in blazing flames.
Your sleepcap dissolves into shadows!
Your sleepcap explodes!
The fiery explosion engulfs you!!!
Ouch! That really hurt!
The fiery explosion engulfs your quokka!
Your quokka's corpse dissolves into shadows!
Your quokka explodes!
The fiery explosion engulfs you!!
Ouch! That really hurt!
You die...

..#..##.##...................#...
.....#..............####.....#...
.................#...###....##...
................##†.........##...
...##........######.##.........#.
#..###...##....#.#.............#.
....##..#####..§§§§#....##(....#.
#.####..###.#...§○.##....###.##..
#####...##.....§@§§##............
#........##.#....#.....##.....
#........###..........###.....
##.......####....#....##..####
#...##...####............#
#.........#....####....###
##.....#........##...##..#
#...###....#....#......## ##..#
##.####...#..<...###


There were no monsters in sight!

Vanquished Creatures
  A sky beast (D:6)
  An ogre (D:6)
  A hound (D:6)
  2 jellies (D:6)
  An iguana (D:6)
  Natasha (twice) (D:4)
  7 adders
  A white imp (D:4)
  A worm (D:3)
  A dart slug (D:1)
  4 orcs (D:3)
  7 endoplasms
  4 giant cockroaches
  7 goblins
  3 hobgoblins (D:1)
  5 jackals
  5 kobolds
  4 quokkas
  5 ball pythons
  6 bats
  3 frilled lizards
  6 rats
77 creatures vanquished.

Notes
Turn   | Place    | Note
-------+----------+-------------------------------------------
     0 | D:1      | BinkBink the Merfolk Monk began the quest for the Orb.
     0 | D:1      | Reached XP level 1. HP: 18/18 MP: 1/1
   181 | D:1      | Reached XP level 2. HP: 19/24 MP: 2/2
   382 | D:1      | Reached XP level 3. HP: 28/29 MP: 3/3
  1006 | D:1      | Identified a scroll of acquirement
  1006 | D:1      | Acquired a +2 rapier of venom
  1162 | D:2      | Reached skill level 5 in Dodging
  1878 | D:3      | Reached XP level 4. HP: 37/37 MP: 4/4
  2028 | D:3      | Found a burning altar of Makhleb.
  2033 | D:3      | Found a basalt altar of Yredelemnul.
  2036 | D:3      | Found an opulent altar of Gozag.
  2036 | D:3      | Found a blossoming altar of Fedhas.
  2043 | D:3      | Found a shimmering altar of Xom.
  2617 | D:4      | Noticed Natasha
  2627 | D:4      | Killed Natasha
  2628 | D:4      | Reached skill level 6 in Dodging
  2628 | D:4      | Reached XP level 5. HP: 36/42 MP: 5/5
  2788 | D:4      | Found a stormy altar of Qazlal.
  2835 | D:4      | Became a worshipper of Qazlal Stormbringer
  2835 | D:4      | Reached * piety under Qazlal
  2835 | D:4      | Reached ** piety under Qazlal
  2854 | D:4      | You fall into a shaft and drop 2 floors!
  2854 | D:6      | Found a hide-covered altar of Uskayaw.
  2854 | D:6      | Found an ornate altar of the Wu Jian Council.
  3032 | D:6      | Noticed a sky beast
  3043 | D:6      | Killed a sky beast
  3044 | D:6      | Reached skill level 5 in Long Blades
  3044 | D:6      | Reached skill level 7 in Dodging
  3044 | D:6      | Reached XP level 6. HP: 39/49 MP: 6/6
  3230 | D:6      | Reached skill level 5 in Fighting
  3250 | D:6      | Reached XP level 7. HP: 54/56 MP: 7/7
  3257 | D:5      | Entered Level 5 of the Dungeon
  3431 | D:4      | Found a staircase to the Ecumenical Temple.
  3574 | D:4      | Noticed Natasha
  3580 | D:4      | Killed Natasha
  3611 | D:4      | Killed by an exploding quokka... ignited by their inner
                  | flame

Illustrated notes

Levels and vault maps discovered:
D:1:      pf_arrival_petrified_forest, layout_basic
D:2:      layout_basic
D:3:      layout_loops_cross, nicolae_overflow_hallway_of_the_gods, minivault_23
D:4:      layout_cave_pools, mainiacjoe_overflow_alcove_2,
          minmay_temple_entry_nine_rooms, uniq_natasha
D:5:      layout_layer_cave, uniq_pikel, uniq_sigmund
D:6:      layout_basic, mainiacjoe_overflow_large_starburst,
          lemuel_doored_altar, uniq_crazy_yiuf_cottage

Skill      XL: |  1  2  3  4  5  6 |
---------------+-------------------+-----
Long Blades    | 4 5 |  5.5
Dodging        | 5 6 7 |  7.9
Fighting       | 4 5 |  5.1

Action                     |  1- 3 |  4- 6 |  7- 9 || total
---------------------------+-------+-------+-------++-------
  Melee: Falchion          |    44 |       |       ||    44
         Rapier            |    36 |    90 |    14 ||   140
    Use: Scroll            |     1 |       |     6 ||     7
 Armour: Robe              |    26 |    35 |    11 ||    72
  Dodge: Dodged            |    77 |    62 |     9 ||   148
  Block: Orb               |       |     2 |     3 ||     5

Table legend: (Time is in decaauts)
 A = Elapsed time spent in this place.
 B = Non-inter-level travel time spent in this place.
 C = Inter-level travel time spent in this place.
 D = Time resting spent in this place.
 E = Time spent auto-exploring this place.
 F = Levels seen in this place.
 G = Mean time per level.
                   A        B        C        D        E       F      G
               +--------+--------+--------+--------+--------+-----+--------+
         Total |   3622 |   3419 |    203 |    134 |   2788 |   6 |  603.7 |
       Dungeon |   3622 |   3419 |    203 |    134 |   2788 |   6 |  603.7 |
               +--------+--------+--------+--------+--------+-----+--------+

Top non-repeatable levels by time:
     D:1: 1091 daAuts
     D:3: 802 daAuts
     D:2: 705 daAuts
     D:4: 535 daAuts
     D:6: 404 daAuts
     D:5: 82 daAuts
